 Dungeon Crawl Stone Soup version 0.31-a0-408-gb642c7f9a3 (webtiles) character file.

Game seed: 246136446143457145

4749 LeprechaunX the Mimic (level 10, -2/71 HPs)
             Began as an Octopode Shapeshifter on July 30, 2023.
             Slain by an ice beast (11 damage)
             ... on level 7 of the Dungeon.
             The game lasted 00:14:22 (7970 turns).

LeprechaunX the Mimic (Octopode Shapeshifter)       Turns: 7970, Time: 00:14:23

Health: -2/71      AC:  1    Str: 18    XL:     10   Next: 46%
Magic:  10/10      EV: 13    Int: 17    God:
Gold:   462        SH:  0    Dex: 13    Spells: 9/9 levels left

rFire   . .          .
                       - Unarmed
rCold   . . .        (no shield)
rNeg    . . .        (helmet restricted)
rPois   .            (no amulet)
rElec   .            d - ring of willpower
rCorr   .            D - +6 ring of intelligence
SInv    .            (no ring)
Will    +....        (no ring)
Stlth   +++          (no ring)
HPRegen 0.31/turn    (no ring)
MPRegen 0.12/turn    (no ring)
                     (no ring)

%: no passive effects
@: maw-form
A: devouring maw, almost no armour, amphibious, 8 rings, camouflage 1,
gelatinous body 1, nimble swimmer 1, tentacles
a: Begin Untransformation


You were on level 7 of the Dungeon.
You were a creature with a mouth for a stomach.
You visited 2 branches of the dungeon, and saw 9 of its levels.
You also visited: Sewer.

You collected 462 gold pieces.

Inventory:

Hand Weapons
 a - a +0 shortbow
Jewellery
 d - a ring of willpower (left tentacle)
 D - a +6 ring of intelligence (right tentacle)
Talismans
 b - a beast talisman
 j - a maw talisman
Wands
 x - a wand of paralysis (13) (quivered)
 y - a wand of polymorph (10)
 B - a wand of flame (37)
Scrolls
 c - a scroll of revelation {unknown}
 e - 2 scrolls of teleportation {unknown}
 f - 4 scrolls of identify {unknown}
 i - 5 scrolls of noise {unknown}
 k - 2 scrolls of blinking {unknown}
 m - 3 scrolls of vulnerability {unknown}
 o - 2 scrolls of enchant armour {unknown}
 r - a scroll of enchant weapon {unknown}
 u - 3 scrolls of torment {unknown}
 v - 2 scrolls of immolation {unknown}
 z - a scroll of brand weapon {unknown}
Potions
 g - a potion of degeneration {unknown}
 l - 2 potions of cancellation {unknown}
 n - 2 potions of mutation {unknown}
 p - 2 potions of curing {unknown}
 q - 2 potions of attraction {unknown}
 s - 3 potions of haste {unknown}
 t - a potion of berserk rage {unknown}
 w - a potion of invisibility {unknown}
 A - 2 potions of brilliance {unknown}
 C - 2 potions of ambrosia {unknown}


   Skills:
 + Level 7.0 Fighting
 - Level 3.0 Ranged Weapons
 - Level 3.0 Dodging
 + Level 8.6 Unarmed Combat
 - Level 9.0 Shapeshifting


You had 9 spell levels left.
You didn't know any spells.
Your spell library contained the following spells:

 Spells                   Type           Power      Damage    Failure   Level
 Cigotuvi's Dreadful Rot  Necr/Pois/Air  0%         N/A       34%         2
 Ignite Poison            Fire/Tmut/Pois 0%         N/A       56%         3
 Freezing Cloud           Conj/Ice/Air   0%         6-21      100%        5


Dungeon Overview and Level Annotations

Branches:
Dungeon (8/15)             Temple (1/1) D:7           Sewer (visited)
   Lair: D:8-11

Altars:
Ashenzari
Cheibriados
Dithmenos
Elyvilon
Fedhas
Makhleb
Nemelex Xobeh
Okawaru
Qazlal
Ru
Sif Muna
Trog
Uskayaw
Vehumet
Wu Jian
Xom
Yredelemnul

Shops:
D:4 :   D:5 [   D:6 *

Annotations:
D:2 1 runed translucent door, Crazy Yiuf


Innate Abilities, Weirdness & Mutations

You are a creature with a mouth for a stomach.
Your midsection houses a second, enormous mouth.
You cannot wear most types of armour.
You are amphibious.
You can wear up to eight rings at the same time.
Your skin changes colour to match your surroundings (Stealth+).
Your rubbery body absorbs attacks. (AC +1, EV +1)
You are camouflaged when in or above water. (Stealth+)
You have tentacles for arms and can constrict up to eight enemies at once.


Message History

The vampire mosquito bites you!
* * * LOW HITPOINT WARNING * * *
The vampire mosquito draws strength from your injuries!
Unknown command.
You bludgeon the vampire mosquito! Your grab misses the vampire mosquito.
You squeeze the vampire mosquito, but do no damage.
The vampire mosquito is almost destroyed.
The vampire mosquito barely misses you. The vampire mosquito bites you.
* * * LOW HITPOINT WARNING * * *
The vampire mosquito draws strength from your injuries!
Unknown command.
You closely miss the vampire mosquito. Your grab misses the vampire mosquito.
Your squeeze misses the vampire mosquito.
You bite the vampire mosquito.
You devour the vampire mosquito!
You feel better.
You destroy the vampire mosquito!
The bullfrog hits you!
* * * LOW HITPOINT WARNING * * *
The bullfrog attacks as you move away! The bullfrog hits you.
* * * LOW HITPOINT WARNING * * *
The bullfrog swells and bulges.
The bullfrog hits you.
* * * LOW HITPOINT WARNING * * *
Unknown command.
The bullfrog misses you.
Unknown command.
The bullfrog misses you.
You closely miss the bullfrog. You grab the bullfrog.
You constrict the bullfrog. The bullfrog barely misses you. x2
You bludgeon the bullfrog! You bite the bullfrog!
You kill the bullfrog!
Your Fighting skill increases to level 7!
Aiming: Paralyse
Press: ? - help, Q - select action, (/) - cycle Shift-Dir - straight line, f - ice beast
Aim: an ice beast (water, chance to affect: 49%)
The ice beast resists with some effort.
The ice beast hits you.
* * * LOW HITPOINT WARNING * * *
The ice beast freezes you!
You die...

#.#####.# #.###### ###.......#
#.# ..>...##########.#####
#....................#########
#F##.....#####..[....#.......#
#. .....# #.####..#.#####.###.
#/ ..$..# #. #......##........
##
#####################.##.###.
♣♣.~♣♣ ♣W♣#.....#.##.# ♣o~≈~
♣♣Y♣♣.♣♣♣.#....# ♣.~♣ ♣.~...♣
♣))..### . ♣~.♣♣♣~.♣♣.♣♣♣)#.##
..# ♣.~o~o♣♣♣#...).#.#### ###
♣.♣#### #######....# ♣. #....#
.♣ #....# .# #....#


You could see an ice beast and an orc.

Vanquished Creatures
  A deep elf pyromancer (D:7)
  Joseph (D:7)
  A hornet (D:7)
  Sigmund (D:3)
  Eustachio (D:6)
  A vampire mosquito (D:7)
  An acid dragon (D:7)
  Edmund (D:6)
  The ghost of Lorrdernie the Conjurer, an amateur DECj (D:4)
  Duvessa (D:4)
  An ice beast (D:6)
  2 sky beasts (D:7)
  5 black bears (D:6)
  2 ogres
  A centaur (D:4)
  A phantom (D:6)
  6 bullfrogs
  A wyvern zombie (D:4)
  2 scorpions
  Dowan (D:4)
  An electric eel (D:6)
  A howler monkey (D:6)
  A bullfrog zombie (D:4)
  7 hounds
  2 jellies
  7 orc priests
  2 sleepcaps
  Jessica (D:2)
  Terence (D:2)
  2 iguanas
  6 orc wizards
  A hell rat (Sewer)
  A howler monkey zombie (D:4)
  Robin (D:3)
  8 gnolls
  16 adders
  A river rat (Sewer)
  A shadow imp (D:7)
  2 white imps (D:6)
  An ufetubus (D:5)
  A worm (D:4)
  23 orcs
  12 ball pythons
  5 bats
  7 endoplasms
  7 giant cockroaches
  12 goblins
  9 hobgoblins
  3 jackals
  7 quokkas
  4 frilled lizards
  5 kobolds
  7 rats
197 creatures vanquished.

Notes
Turn   | Place    | Note
-------+----------+-------------------------------------------
     0 | D:1      | LeprechaunX the Octopode Shapeshifter began the quest for
                  | the Orb.
     0 | D:1      | Reached XP level 1. HP: 13/13 MP: 1/1
   321 | D:1      | Reached XP level 2. HP: 14/18 MP: 2/2
   652 | D:2      | Reached XP level 3. HP: 23/23 MP: 3/3
   694 | D:2      | Noticed Terence
   705 | D:2      | Reached XP level 4. HP: 16/29 MP: 4/4
   712 | D:2      | Killed Terence
  1194 | D:2      | Noticed Jessica
  1208 | D:2      | Killed Jessica
  1209 | D:2      | Reached XP level 5. HP: 23/34 MP: 5/5
  1704 | D:2      | Found a runed translucent door.
  1705 | D:2      | Noticed Crazy Yiuf
  2037 | D:3      | Noticed Robin
  2277 | D:3      | Killed Robin
  2380 | D:3      | Noticed Sigmund
  2385 | D:3      | Reached XP level 6. HP: 41/41 MP: 6/6
  2398 | D:3      | Killed Sigmund
  2399 | D:3      | Reached skill level 5 in Unarmed Combat
  2399 | D:3      | Reached skill level 4 in Shapeshifting
  2472 | D:3      | Found a sacrificial altar of Ru.
  2681 | D:3      | Found a white marble altar of Elyvilon.
  2883 | D:4      | Noticed Duvessa
  2922 | D:4      | Reached XP level 7. HP: 27/46 MP: 7/7
  3037 | D:4      | Found an ornate altar of the Wu Jian Council.
  3393 | D:4      | Found Voimm's Vocational Training.
  3394 | D:4      | Found a runed translucent gate.
  3394 | D:4      | Found a runed translucent gate.
  3394 | D:4      | Found a runed translucent gate.
  3394 | D:4      | Noticed Lorrdernie's ghost (amateur DECj)
  3462 | D:5      | Entered Level 5 of the Dungeon
  3684 | D:5      | Found a glowing drain.
  3704 | Sewer    | Entered a sewer
  3892 | D:5      | Reached skill level 5 in Shapeshifting
  4085 | D:5      | Reached XP level 8. HP: 39/54 MP: 8/8
  4315 | D:5      | Found Hiut's Armour Emporium.
  4555 | D:6      | Found Caniwk's Assorted Antiques.
  4589 | D:6      | Found a bloodstained altar of Trog.
  4644 | D:6      | Reached skill level 6 in Shapeshifting
  4740 | D:6      | Reached skill level 7 in Shapeshifting
  4870 | D:6      | Reached XP level 9. HP: 35/58 MP: 9/9
  4879 | D:6      | Reached skill level 8 in Shapeshifting
  5160 | D:6      | Noticed Edmund
  5209 | D:6      | Killed Edmund
  5755 | D:6      | Reached skill level 9 in Shapeshifting
  6193 | D:6      | Noticed Eustachio
  6201 | D:6      | Killed Eustachio
  6202 | D:6      | Reached skill level 1 in Ranged Weapons
  6477 | D:4      | Noticed Dowan
  6486 | D:4      | Killed Duvessa
  6494 | D:4      | Killed Dowan
  6603 | D:4      | Killed Lorrdernie's ghost
  6958 | D:7      | Reached skill level 5 in Fighting
  7023 | D:7      | Noticed a deep elf pyromancer
  7027 | D:7      | Killed a deep elf pyromancer
  7028 | D:7      | Reached XP level 10. HP: 37/67 MP: 10/10
  7170 | D:7      | Noticed a boulder beetle
  7233 | D:7      | Paralysed by a hornet for 1 turns
  7290 | D:7      | Found a sparkling altar of Nemelex Xobeh.
  7335 | D:7      | Found a staircase to the Ecumenical Temple.
  7340 | Temple   | Entered the Ecumenical Temple
  7360 | D:7      | Noticed a manticore
  7366 | D:8      | Found a radiant altar of Vehumet.
  7564 | D:7      | Noticed Joseph
  7577 | D:7      | Killed Joseph
  7598 | D:7      | Found a shimmering blue altar of Sif Muna.
  7970 | D:7      | Slain by an ice beast

Illustrated notes

Levels and vault maps discovered:
D:1:      elethiomel_arrival_infinity_welcomes_careful_drivers, layout_rooms
D:2:      minmay_thinvault, layout_basic, uniq_crazy_yiuf_cottage, uniq_jessica,
          uniq_terence
D:3:      layout_rooms, general_overflow_altar, elyvilon_altar_5,
          minmay_circle_x, uniq_sigmund, uniq_robin
D:4:      layout_rooms, mainiacjoe_overflow_tiny_flanked,
          gammafunk_ghost_necromancy, nicolae_shop_vocational, uniq_duvessa
D:5:      layout_basic, serial_shops, nicolae_shop_statue_plus,
          portal_sewer_entry_f
D:6:      minmay_recursive_quarters, layout_loops_ring, trog_ov_bears_minmay,
          serial_shops, shop, minmay_misc_feat_plants, serial_bayou_ford_a,
          uniq_edmund, uniq_eustachio
D:7:      nzn_winding_woodlands_large [nzn_winding_woodlands_5x5_perimeter,
          nzn_winding_woodlands_5x15_lazy_stream,
          nzn_winding_woodlands_hourglass,
          nzn_winding_woodlands_center_triple_pond,
          nzn_winding_woodlands_15x15_five_gardens,
          nzn_winding_woodlands_center_garden,
          nzn_winding_woodlands_5x5_default, nzn_winding_woodlands_5x15_crooked,
          nzn_winding_woodlands_5x5_closed_star], layout_loops_cross,
          lemuel_tele_altar, mainiacjoe_overflow_six_doors_small,
          temple_doors_ab, minivault_22, uniq_joseph
D:8:      layout_loops_cross, mainiacjoe_overflow_alcove_2, zin_treasury,
          lemuel_crystal_altar, minmay_the_grid_2x2 [minmay_the_grid_all_tris,
          minmay_the_grid_tri_star, minmay_the_grid_mess,
          minmay_the_grid_prize_diamond_cup], uniq_grum
Temple:   cyrus_temple_forest

Skill      XL: |  1  2  3  4  5  6  7  8  9 10 |
---------------+-------------------------------+-----
Unarmed Combat | 4 5 6 7 8 |  8.6
Fighting       | 2 3 4 5 7 |  7.0
Dodging        | 3 |  3.0
Shapeshifting  | 4 5 7 9 |  9.0
Ranged Weapons | 3 |  3.0

Action                     |  1- 3 |  4- 6 |  7- 9 | 10-12 || total
---------------------------+-------+-------+-------+-------++-------
  Melee: Unarmed           |    32 |   127 |   227 |    63 ||   449
         Constrict         |     9 |    22 |    57 |     8 ||    96
         Punch             |     1 |     4 |    13 |     6 ||    24
         Tentacles         |     3 |    22 |    58 |    19 ||   102
         Maw               |       |       |    18 |    20 ||    38
   Fire: Shortbow          |       |       |    38 |       ||    38
  Evoke: Wand              |       |       |       |     1 ||     1
    Use: Potion            |       |     1 |     1 |     2 ||     4
   Stab: Sleeping          |     4 |    10 |     7 |       ||    21
         Distracted        |       |       |       |     1 ||     1
 Armour: Skin              |     3 |     9 |     3 |     3 ||    18
  Dodge: Dodged            |    30 |    68 |   113 |    32 ||   243
   Form: Maw               |       |       |     1 |       ||     1

Table legend: (Time is in decaauts)
 A = Elapsed time spent in this place.
 B = Non-inter-level travel time spent in this place.
 C = Inter-level travel time spent in this place.
 D = Time resting spent in this place.
 E = Time spent auto-exploring this place.
 F = Levels seen in this place.
 G = Mean time per level.
                   A        B        C        D        E       F      G
               +--------+--------+--------+--------+--------+-----+--------+
         Total |   7924 |   7256 |    668 |   1817 |   3861 |  10 |  792.4 |
       Dungeon |   7795 |   7127 |    668 |   1817 |   3770 |   8 |  974.4 |
        Temple |      1 |      1 |      0 |      0 |      0 |   1 |    1.0 |
         Sewer |    127 |    127 |      0 |      0 |     91 |   1 |  127.0 |
               +--------+--------+--------+--------+--------+-----+--------+

Top non-repeatable levels by time:
     D:6: 1936 daAuts
     D:2: 1542 daAuts
     D:7: 1055 daAuts
     D:5: 981 daAuts
     D:4: 945 daAuts
     D:3: 694 daAuts
     D:1: 627 daAuts
   Sewer: 127 daAuts
     D:8: 12 daAuts
  Temple: 1 daAuts
